 Dungeon Crawl Stone Soup version 0.29.1-1-gd02db6906a (webtiles) character file.

Game seed: 5008793385628326469

1080 Condegh the Digger (level 8, -1/44 HPs)
             Began as a Gargoyle Earth Elementalist on Oct 19, 2022.
             Was an Initiate of Vehumet.
             Slain by a human
             ... wielding a +0 war axe
              (8 damage)
             ... in a bailey.
             The game lasted 00:31:46 (5268 turns).

Condegh the Digger (Gargoyle Earth Elementalist)    Turns: 5268, Time: 00:31:46

Health: -1/44      AC:  9    Str: 12    XL:     8   Next: 29%
Magic:  1/15       EV: 12    Int: 24    God:    Vehumet [......]
Gold:   286        SH:  5    Dex: 10    Spells: 13/17 levels left

rFire   . . .      SeeInvis .   j - +1 flail
rCold   . . .      Faith    .   (no shield)
rNeg    + . .      Spirit   .   a - +0 robe
rPois   ∞          Reflect  +   (no helmet)
rElec   +          Harm     .   (no cloak)
rCorr   .          Rampage  .   i - +1 pair of gloves
Will    .....                   (no boots)
Stlth   ++........              u - amulet of reflection
HPRegen 0.14/turn               p - +6 ring of intelligence
MPRegen 0.14/turn               (no ring)

@: no status effects
A: sickness immunity, AC +5, negative energy resistance 1, electricity
resistance, torment resistance 1, petrification resistance
a: Renounce Religion


You were in a bailey.
You worshipped Vehumet.
Vehumet was noncommittal.
You visited 1 branch of the dungeon, and saw 6 of its levels.
You also visited: Bailey.

You collected 286 gold pieces.

Inventory:

Hand Weapons
 j - a +1 flail (weapon)
Armour
 a - a +0 robe (worn)
 i - a +1 pair of gloves (worn)
Jewellery
 p - a +6 ring of intelligence (left hand)
 u - an amulet of reflection (around neck)
Wands
 r - a wand of mindburst (2)
Scrolls
 k - a scroll of enchant armour
 m - a scroll of amnesia
 s - a scroll of fear
 t - a scroll of silence
Potions
 b - a potion of magic
 c - 3 potions of haste {unknown}
 e - a potion of heal wounds {unknown}
 g - a potion of curing {unknown}
 o - 2 potions of flight {unknown}
 q - a potion of brilliance


   Skills:
 - Level 2.0 Fighting
 - Level 2.0 Maces & Flails
 - Level 2.0 Armour
 - Level 2.0 Dodging
 - Level 2.1 Stealth
 + Level 5.0 Spellcasting
 + Level 5.1 Conjurations
 - Level 0.7 Transmutations
 - Level 6.0 Earth Magic
 - Level 2.0 Evocations


You had 13 spell levels left.
You knew the following spells:

 Your Spells              Type           Power      Damage    Failure   Level
a - Sandblast             Erth           68%        2d15      1%          1
b - Stone Arrow           Conj/Erth      64%        3d11      2%          3

Your spell library contained the following spells:

 Spells                   Type           Power      Damage    Failure   Level
 Passwall                 Tmut/Erth      18%        N/A       3%          2
 Petrify                  Tmut/Erth      22%        N/A       22%         4


Dungeon Overview and Level Annotations

Branches:
Dungeon (7/15)             Bailey (1/1)
 Temple: D:4-7

Altars:
Cheibriados
Trog
Vehumet
Xom

Shops:
D:2 =


Innate Abilities, Weirdness & Mutations

You are immune to sickness and miasma.
Your stone body is resilient. (AC +5)
You are immune to poison.
You resist negative energy. (rN+)
You are resistant to electric shocks. (rElec)
You are resistant to unholy torment.
You are immune to petrification.


Message History

Aiming: Stone Arrow (dangerous; 3% risk of failure)
Press: ? - help, Shift-Dir - straight line, f/p - human
Aim: a human, wielding a +1 vorpal hand axe and wearing a +0 ring mail (moderately wounded, 67% to hit)
The stone arrow misses the human.
The stone arrow hits the human!
The human is severely wounded.
A human comes into view. It is wielding a +0 war axe.
A human comes into view. It is wielding a +0 war axe.
The hobgoblin attacks as you move away!
The hobgoblin hits you with a +0 hand axe.
The human hits you with a +1 vorpal hand axe.
A human comes into view. It is wielding a +0 war axe.
Casting: Stone Arrow (dangerous; 3% risk of failure)
Confirm with . or Enter, or press ? or * to list all spells.
Aiming: Stone Arrow (dangerous; 3% risk of failure)
Press: ? - help, Shift-Dir - straight line, f/p - human
Aim: a human, wielding a +1 vorpal hand axe and wearing a +0 ring mail (severely wounded, 67% to hit)
The stone arrow misses the human.
The stone arrow hits the human!
You kill the human!
Vehumet accepts your kill.
The human hits you with a +1 vorpal hand axe!
You block the hobgoblin's attack.
Your Spellcasting skill increases to level 5!
Your Conjurations skill increases to level 5!
Casting: Stone Arrow (dangerous; 2% risk of failure)
Confirm with . or Enter, or press ? or * to list all spells.
Aiming: Stone Arrow (dangerous; 2% risk of failure)
Press: ? - help, Shift-Dir - straight line, f - hobgoblin
Aim: a hobgoblin, wielding a +0 hand axe and wearing a +0 leather armour (74% to hit)
The stone arrow hits the hobgoblin!
You kill the hobgoblin!
Vehumet accepts your kill. The human closely misses you.
The human hits you with a +1 vorpal hand axe.
The human closely misses you. The human hits you with a +0 war axe!
* * * LOW HITPOINT WARNING * * *
The human closely misses you.
There is a gate leading back out of this place here.
The human closely misses you. x2; The human hits you with a +0 war axe!
You die...

##### ......
#####
......##...##
#....'.p@..#
#####.ppp.#
+.)∩..#
##.).## #####


You could see 4 humans.

Vanquished Creatures
  A human (Bailey)
  A steam dragon (D:7)
  An ice beast (D:7)
  A black bear (D:7)
  A necrophage (D:5)
  A howler monkey (D:7)
  A hound (D:7)
  2 gnoll boudas
  An orc priest (D:5)
  2 iguanas
  An orc wizard (D:5)
  Ijyb (D:3)
  9 adders
  9 gnolls
  A white imp (D:3)
  An ufetubus (D:3)
  3 worms (D:3)
  2 dart slugs
  4 orcs
  6 ball pythons
  5 endoplasms
  3 giant cockroaches
  17 goblins
  10 hobgoblins
  6 jackals
  11 kobolds
  8 quokkas
  5 bats
  4 frilled lizards
  9 rats
127 creatures vanquished.

Vanquished Creatures (others)
  4 plants (D:7)
4 creatures vanquished.

Grand Total: 131 creatures vanquished

Notes
Turn   | Place    | Note
-------+----------+-------------------------------------------
     0 | D:1      | Condegh the Gargoyle Earth Elementalist began the quest for
                  | the Orb.
     0 | D:1      | Reached XP level 1. HP: 10/10 MP: 3/3
   225 | D:1      | Reached XP level 2. HP: 16/16 MP: 3/5
   517 | D:1      | Found a faded altar of an unknown god.
   540 | D:1      | Reached skill level 1 in Armour
   540 | D:1      | Reached XP level 3. HP: 19/20 MP: 1/6
   556 | D:1      | Reached skill level 1 in Fighting
  1059 | D:2      | Reached skill level 4 in Earth Magic
  1059 | D:2      | Found Zihat's Jewellery Emporium.
  1207 | D:2      | Reached skill level 1 in Maces & Flails
  1372 | D:2      | Reached XP level 4. HP: 25/25 MP: 3/7
  1376 | D:2      | Learned a level 3 spell: Stone Arrow
  2014 | D:3      | Found a shimmering altar of Xom.
  2027 | D:3      | Noticed Ijyb
  2033 | D:3      | Killed Ijyb
  2095 | D:3      | Reached XP level 5. HP: 30/30 MP: 6/8
  2348 | D:3      | Reached skill level 1 in Conjurations
  2745 | D:3      | Found a snail-covered altar of Cheibriados.
  3048 | D:3      | Noticed a moth of wrath
  3050 | D:3      | Found a bloodstained altar of Trog.
  3446 | D:4      | Reached skill level 1 in Evocations
  3446 | D:4      | Reached XP level 6. HP: 22/35 MP: 7/10
  4247 | D:5      | Entered Level 5 of the Dungeon
  4280 | D:5      | Reached skill level 5 in Earth Magic
  4431 | D:5      | Found a radiant altar of Vehumet.
  4438 | D:5      | Became a worshipper of Vehumet
  4499 | D:5      | Reached XP level 7. HP: 40/40 MP: 2/12
  4740 | D:5      | You fall into a shaft and drop 2 floors!
  4751 | D:7      | Noticed a steam dragon
  4834 | D:7      | Reached skill level 6 in Earth Magic
  4962 | D:7      | Found a flagged portal.
  4985 | D:7      | Killed a steam dragon
  4986 | D:7      | Reached XP level 8. HP: 6/44 MP: 4/15
  5071 | Bailey   | Entered a bailey
  5264 | Bailey   | Reached skill level 5 in Spellcasting
  5264 | Bailey   | Reached skill level 5 in Conjurations
  5268 | Bailey   | Slain by a human

Illustrated notes

Levels and vault maps discovered:
D:1:      matt_arrival_spirals, layout_rooms, shapermc_ecumenical_altar_ellora
D:2:      layout_basic, serial_shops, nicolae_shop_competitors_out_of_business,
          minmay_bisected
D:3:      layout_loops_corners, tgw_trog, nicolae_overflow_crystal_walls,
          cheibriados_altar_1, minmay_close_crescents, uniq_ijyb
D:4:      layout_rooms
D:5:      layout_basic, mainiacjoe_overflow_paths, serial_shops,
          nicolae_shop_advertising_works [nicolae_subvault_shop_adworks],
          kennysheep_donut, kennysheep_boxes
D:7:      layout_basic, mainiacjoe_overflow_concentric_impassable,
          enter_bailey_3, worms_lemuel, uniq_prince_ribbit1
Bailey:   bailey_axe_froggy_fort_hellmonk, bailey

Skill      XL: |  1  2  3  4  5  6  7  8 |
---------------+-------------------------+-----
Armour         | 1 2 |  2.0
Fighting       | 1 2 |  2.0
Dodging        | 2 |  2.0
Earth Magic    | 4 5 6 |  6.0
Maces & Flails | 1 2 |  2.0
Conjurations   | 1 2 4 5 |  5.1
Evocations     | 1 2 |  2.0
Spellcasting   | 3 4 5 |  5.0
Stealth        | |  2.1
Transmutations | |  0.7

Action                   |  1- 3 |  4- 6 |  7- 9 || total
-------------------------+-------+-------+-------++-------
Melee: Whip              |    21 |       |       ||    21
       Punch             |     1 |     1 |       ||     2
       Mace              |       |    38 |       ||    38
       Flail             |       |       |    10 ||    10
 Cast: Sandblast         |    57 |    85 |    18 ||   160
       Stone Arrow       |       |     9 |    14 ||    23
  Use: Scroll            |       |     7 |     3 ||    10
 Stab: Sleeping          |       |     3 |       ||     3
Armor: Robe              |    27 |    19 |     3 ||    49
Dodge: Dodged            |    42 |    66 |    13 ||   121
Block: Other             |       |       |     6 ||     6
